[Event "FIDE World School-ch O-13 2025"]
[Site "Vrnjacka Banja"]
[Date "2025.03.24"]
[Round "5.1"]
[White "Yurasov, Matfey"]
[Black "Rusu, Lucas"]
[Result "1-0"]
[Annotator "TA"]
[ECO "D78"]
[WhiteElo "2271"]
[BlackElo "2049"]
[PlyCount "101"]
[EventDate "2025.03.19"]
[EventType "swiss"]
[EventCountry "SRB"]
[SourceTitle "playchess.com"]
[Source "ChessBase"]
[SourceQuality "1"]
[TimeControl "5400+30"]

1. d4 Nf6 2. Nf3 g6 3. c4 c6 4. g3 Bg7 5. Bg2 O-O 6. O-O d5 7. Nc3 Ne4 8. Qb3 Nxc3 9. bxc3 dxc4 10. Qxc4 Nd7 11. Qd3 {[%emt 0:08:29] D78: Fianchetto Grünfeld: 6 0-0 c6.} e5 12. Rd1 $146 (12. Ba3 Re8 13. e4 Qa5 14. Bb4 Qa4 15. Bd6 b6 16. dxe5 Ba6 17. Qd4 Qxd4 18. cxd4 Bxf1 19. Rxf1 {0-1 Goldin,R (2288)-Trifonov,D (2163) Titled Tuesday intern op 07th Jan Early blitz 2025 (5)}) 12... exd4 13. cxd4 {[%emt 0:00:15] White has an edge.} Re8 14. Ba3 Nb6 15. e4 {[%emt 0:03:24] Wards off Bf5} Bg4 16. h3 Be6 17. Qc2 f5 18. e5 Bd5 19. Bc5 Nd7 20. Ne1 Nb8 $2 {[%emt 0:09:31] This costs Black the game.} (20... Nxc5 $14 21. Qxc5 Bf7) 21. Rab1 $18 b6 22. Bd6 Bf8 (22... Bxg2 $142 23. Nxg2 Qd7) 23. Bxd5+ cxd5 24. Qb3 Nd7 25. Qxd5+ Kh8 26. Bxf8 Nxf8 27. Qb3 f4 28. gxf4 Ne6 29. Ng2 Rc8 30. d5 Ng7 31. Rbc1 Nf5 (31... Rxc1 $142 32. Rxc1 Qd7) 32. d6 Qd7 {[%emt 0:00:30] [#]} 33. e6 $1 Qb7 (33... Qxd6 34. Qb2+) 34. Rxc8 Rxc8 35. d7 Rd8 36. Qb2+ Kg8 37. Qf6 Qc7 38. e7 Nxe7 39. Qxe7 Qb8 40. Re1 Rf8 41. Qe6+ (41. f5 $142 Rxf5 42. d8=Q+ (42. d8=R+ Qxd8 43. Qxd8+ Kg7 44. Qd4+ Kh6 45. Re7 b5 46. Qe3+ Rf4 47. Qxf4+ g5 48. Qf6+ Kh5 49. Rxh7#) 42... Qxd8 43. Qxd8+ Kg7 44. Qd4+ Kh6 45. Re7 a5 46. Qe3+ (46. Qxb6 Rf3 47. Qd4 Rxh3 48. Qg7+ Kh5 49. Re5+ Kg4 50. Qd7+ Kf3 51. Qxh3#) (46. Qg7+ Kg5 47. Qxh7 Kf6 48. h4 Rh5 49. Qf7#) 46... Rf4 47. Qxf4+ (47. Nxf4 Kg5 48. Ng2+ Kh5 49. Rxh7#) 47... g5 48. Qf6+ Kh5 49. Rxh7#) 41... Kg7 42. Qe5+ Kf7 43. Qxb8 (43. Qd5+ $142 Kf6 44. Re6+ Kf7 45. Rxb6+ Kg7 46. Rxb8 Rxb8 47. Qe5+ (47. d8=R Rxd8 48. Qxd8 h6 49. Qe7+ Kg8 50. Nh4 a5 51. f5 gxf5 52. Nxf5 Kh8 53. Qg7#) 47... Kg8 48. Qxb8+ Kg7 49. d8=Q (49. d8=N h5 50. Qxa7+ Kh6 51. Qf7 g5 52. Ne6 gxf4 53. Qg7#) 49... Kh6 50. Qxa7 Kh5 51. Qxh7#) 43... Rxb8 {[%emt 0:00:02][%mdl 4096] Endgame KRN-KR} 44. Nh4 {[%emt 0:00:00] [#]} Rd8 45. Nf3 Kf6 46. Ne5 {[%emt 0:00:00] Rc1 is the strong threat.} h6 47. Rc1 {[%emt 0:00:00] White wants to mate with Rc8.} Ke6 48. Rc8 {[%emt 0:00:00] White mates.} Ke7 49. Nc6+ Kxd7 50. Rxd8+ Kxc6 51. Rg8 {[%emt 0:00:00] Weighted Error Value: White=0.04 (flawless) /Black=0.76  Mistake:       	---       	Black=3      Inaccurate:     	White=2     	Black=5      OK:         	White=15    	Black=7} 1-0

[Event "FIDE World School-ch O-13 2025"]
[Site "Vrnjacka Banja"]
[Date "2025.03.24"]
[Round "5.2"]
[White "Yang, Maxwell"]
[Black "Obidov, Biloliddin"]
[Result "1/2-1/2"]
[Annotator "TA"]
[ECO "D93"]
[WhiteElo "1970"]
[BlackElo "2020"]
[PlyCount "79"]
[EventDate "2025.03.19"]
[EventType "swiss"]
[EventCountry "SRB"]
[SourceTitle "playchess.com"]
[Source "ChessBase"]
[SourceQuality "1"]
[TimeControl "5400+30"]

1. d4 Nf6 2. c4 g6 3. Nc3 d5 4. Nf3 Bg7 5. Bf4 O-O 6. Rc1 c5 7. dxc5 dxc4 8. e3 Qa5 9. Bxc4 Qxc5 10. Qb3 Nc6 11. Qb5 Qxb5 12. Bxb5 Bd7 13. O-O a6 {[%emt 0:01:10] The position is symmetric and equal D93: Grünfeld: 4 Nf3 Bg7 5 Bf4 0-0 6 e3.} 14. Bxc6 Bxc6 15. Nd4 Rac8 16. Be5 $146 (16. h3 Bd7 17. Be5 Rfd8 18. f4 Be8 19. Kf2 Bf8 20. Bxf6 exf6 21. g4 Kg7 22. Ne4 {½-½ Turoczi,P (2120)-Knapton,G (2110) W-ch WS/M/642 email 2017}) 16... b5 17. Bxf6 Bxf6 18. Nxc6 Rxc6 19. Nd5 Rfc8 20. Nxf6+ exf6 21. Rxc6 Rxc6 $11 {[%emt 0:00:01][%mdl 4096] Endgame KR-KR} 22. Ra1 (22. f3 $11) 22... Rc2 $15 23. b4 Rb2 24. a3 f5 25. Kf1 Kf8 26. Rc1 Rb3 27. Ra1 Ke7 28. Ke2 Ke6 29. Ra2 Kd5 30. Kd2 Rb1 (30... g5 $17) 31. Kd3 g5 (31... Rh1 $15 {is superior.}) 32. Rc2 $11 {[%emt 0:02:38] The position is equal.} Rb3+ 33. Rc3 Rxc3+ 34. Kxc3 {[%emt 0:00:09] KP-KP} Ke4 {[%emt 0:01:18] [#] and ...f4 would now be decisive} 35. Kd2 $1 h5 36. f3+ Ke5 37. Kd3 Kd5 38. h3 Ke5 39. Kc3 Kd5 40. Kd3 {[%emt 0:00:26] Weighted Error Value: White=0.07 (flawless) /Black=0.05 (flawless)   Mistake:       	White=1     	Black=2      Inaccurate:     	White=1     	---        OK:         	White=11    	Black=10     Best:        	White=5     	Black=1      Strong:       	White=1     	---} 1/2-1/2

[Event "FIDE World School-ch O-13 2025"]
[Site "Vrnjacka Banja"]
[Date "2025.03.24"]
[Round "5.3"]
[White "Ilcic, Aleksa"]
[Black "Wijerathna, Vinuka Dihain"]
[Result "1-0"]
[Annotator "TA"]
[ECO "D35"]
[WhiteElo "1822"]
[BlackElo "2117"]
[PlyCount "113"]
[EventDate "2025.03.19"]
[EventType "swiss"]
[EventCountry "SRB"]
[SourceTitle "playchess.com"]
[Source "ChessBase"]
[SourceQuality "1"]
[TimeControl "5400+30"]

1. d4 Nf6 2. c4 e6 3. Nf3 d5 4. cxd5 exd5 5. Nc3 h6 6. Bf4 c6 7. e3 Bf5 8. Bd3 Bxd3 9. Qxd3 Nbd7 10. h3 Be7 11. O-O {[%emt 0:00:28] D35: Queen's Gambit Declined: Exchange Variation.} O-O 12. Rfc1 Re8 13. Bh2 $146 {[%emt 0:06:51] The position is equal.} (13. Rab1 a5 14. Rc2 Bf8 15. Nd2 Re6 16. a3 a4 17. Rd1 Ne8 18. e4 dxe4 19. Ndxe4 Ndf6 {1-0 Rodriguez Santiago,J (2020)-Lugo Roldan,J (2068) PUR-ch San Juan 2023 (6)}) 13... Nf8 14. Qd1 {[%emt 0:12:34] Not much happening anymore} Ne6 15. a3 a5 16. Ne5 Rc8 17. Rc2 Bd6 18. Nd3 Bxh2+ 19. Kxh2 Qd6+ 20. Kg1 Nd7 21. Rb1 b5 22. b3 Nb6 {[%emt 0:11:02][%cal Oc8c7] [#]} 23. Nc5 $1 f5 (23... Qb8 24. Nxe6) 24. a4 (24. Ne2 $16) 24... b4 ({But not} 24... Nxc5 25. dxc5 Qxc5 26. Nxb5 $16) (24... bxa4 $11 25. Nxe6 (25. bxa4 Nc4 $17) (25. N3xa4 Nxa4 26. bxa4 f4 $11) 25... Rxe6) 25. Ne2 $16 Nd7 26. Nxe6 Qxe6 {[%emt 0:06:46] [#]} 27. Rbc1 $1 Rc7 (27... g5 $142 28. Qd3 Rf8) 28. Qd3 Ra8 $2 {[%emt 0:00:05] Loses the game.} (28... Nb8 $16 29. Nf4 Qf7) 29. Nf4 $18 Qd6 30. Qxf5 {[%emt 0:00:16] Threatens to win with Ne6.} Nf6 31. Qe6+ Qxe6 32. Nxe6 Re7 33. Rxc6 Rae8 (33... Ne4 $142 34. Rc8+ Re8 35. Rxa8 Rxa8) 34. Nc7 Rf8 35. R1c2 Rd7 36. Ne6 Re8 37. Nc5 Rf7 (37... Ra7 $142 38. Nd3 Kh7) 38. Ra6 {[%emt 0:01:28] White is clearly winning.} g5 39. Rxa5 h5 40. Nd3 g4 41. hxg4 hxg4 42. Ne5 Rg7 43. Rc6 Rf8 44. Rac5 Ne4 45. Rc2 g3 46. f3 Rh7 (46... Nc3 $142 47. Re6 Rc8) 47. Ng4 (47. fxe4 $2 {gets mated.} Rh1+ 48. Kxh1 Rf1#) 47... Rh4 48. Rh6 Rxg4 49. fxg4 {[%emt 0:00:25][%mdl 4096] Endgame KRR-KRN} Kg7 50. Rh5 Nf2 51. Rc7+ Kg6 52. Rc6+ Kg7 53. Rf5 Rh8 54. Rxf2 (54. Rxd5 $2 Rh1#) 54... gxf2+ 55. Kxf2 Rh1 56. Rb6 Rb1 57. Rxb4 {[%emt 0:00:12] Weighted Error Value: White=0.17 (very precise) /Black=0.39  Loses game:     	---       	Black=1      Mistake:       	White=1     	Black=5      Inaccurate:     	White=3     	Black=4      OK:         	White=11    	Black=7      Best:        	White=1     	Black=1      Strong:       	White=1     	---} 1-0

[Event "FIDE World School-ch O-13 2025"]
[Site "Vrnjacka Banja"]
[Date "2025.03.24"]
[Round "5.4"]
[White "Jayasooriya, Ruvin Sandharu"]
[Black "Petroff, Vlad"]
[Result "1-0"]
[Annotator "TA"]
[ECO "E11"]
[WhiteElo "1830"]
[BlackElo "2030"]
[PlyCount "77"]
[EventDate "2025.03.19"]
[EventType "swiss"]
[EventCountry "SRB"]
[SourceTitle "playchess.com"]
[Source "ChessBase"]
[SourceQuality "1"]
[TimeControl "5400+30"]

1. d4 e6 2. c4 Bb4+ 3. Bd2 Qe7 4. Nf3 Nf6 5. Qc2 Bxd2+ 6. Nbxd2 Nc6 7. e4 d6 8. g3 a5 9. Bg2 O-O 10. O-O e5 {[%emt 0:01:49] E11: Bogo-Indian.} 11. d5 Nb4 12. Qc3 Bd7 $146 {[%emt 0:04:47] White is slightly better.} (12... Bg4 13. a3 Na6 14. b4 Rfc8 15. Rfc1 c6 16. dxc6 bxc6 17. Rab1 axb4 18. axb4 Nc7 {½-½ Puskar,J (2015)-Vacek,O (2097) SVK-chT2C 1112 2011 (5.2)}) 13. a3 Na6 14. b4 {[%emt 0:05:21] Repels Nc5} axb4 15. axb4 h6 (15... Bg4 $11) 16. Ne1 (16. Ra5 $16) 16... Rae8 {[%emt 0:17:36] White stays focused until the end.} (16... c6 $11 {remains equal.}) 17. Nd3 $16 Bg4 18. f3 Bd7 19. Ra5 Bc8 20. Rfa1 {[%emt 0:02:07][%cal Bf1a1,Ba1a6,Ba6d6][%mdl 32] White plays on the queen side and is better} Nd7 21. c5 b6 (21... Rd8 {was worth a try.} 22. c6 Nb6) 22. Rxa6 Bxa6 23. Rxa6 bxc5 {[%emt 0:00:57] Black is weak on the light squares} 24. bxc5 Rb8 25. cxd6 cxd6 26. Qc7 Rfc8 27. Qxd6 Qxd6 28. Rxd6 Rc2 29. Nf1 Rb7 30. Bh3 Nf8 {[%emt 0:00:36] [#]} (30... Rc3 31. Rxd7 Rxd7 32. Bxd7 Rxd3) 31. Nxe5 g6 32. Rd8 Kg7 33. Nd7 Nh7 (33... Nxd7 $142 34. Rxd7 Rxd7) 34. f4 $18 g5 35. Ne3 {[%emt 0:00:54] [#]} Rb1+ 36. Bf1 {[%emt 0:00:24] Threatening mate with Nf5+.} Rcc1 37. Nf5+ {[%emt 0:00:05] White mates.} Kg6 38. Ne5+ Kh5 39. g4# {[%emt 0:00:04] Weighted Error Value: White=0.25 (precise) /Black=1.10  Mistake:       	White=1     	Black=4      Inaccurate:     	White=2     	Black=5      OK:         	White=10    	Black=4      Best:        	---       	Black=1} 1-0

[Event "FIDE World School-ch O-13 2025"]
[Site "Vrnjacka Banja"]
[Date "2025.03.24"]
[Round "5.5"]
[White "Sukhanov, Nikita"]
[Black "Kudrin, Ivan"]
[Result "0-1"]
[Annotator "NA RC"]
[ECO "C01"]
[WhiteElo "1764"]
[BlackElo "1977"]
[PlyCount "58"]
[EventDate "2025.03.19"]
[EventType "swiss"]
[EventCountry "SRB"]
[SourceTitle "playchess.com"]
[Source "ChessBase"]
[SourceQuality "1"]
[TimeControl "5400+30"]

1. e4 e6 2. d4 d5 3. exd5 exd5 4. Bf4 Bd6 5. Qd2 Ne7 6. Nc3 c6 7. f3 O-O 8. O-O-O a5 9. g4 b5 10. Nb1 b4 11. h4 a4 12. Bxd6 Qxd6 13. h5 Ba6 14. Qh2 Qf6 15. Bd3 Bxd3 16. Rxd3 Nd7 17. Nh3 c5 18. g5 Qc6 19. Rd2 cxd4 20. Re1 Nf5 21. Qf4 g6 22. Ng1 Nc5 23. hxg6 fxg6 24. Qh2 b3 25. a3 bxc2 26. Rxc2 Rac8 27. Kd1 Ne3+ 28. Rxe3 dxe3 29. Qe5 d4 0-1

[Event "FIDE World School-ch O-13 2025"]
[Site "Vrnjacka Banja"]
[Date "2025.03.24"]
[Round "5.6"]
[White "Samarth Sreeni Warrier"]
[Black "Eshwar Veerappan Aiyappan"]
[Result "1-0"]
[Annotator "NA RC"]
[ECO "D13"]
[WhiteElo "1913"]
[BlackElo "1765"]
[PlyCount "83"]
[EventDate "2025.03.19"]
[EventType "swiss"]
[EventCountry "SRB"]
[SourceTitle "playchess.com"]
[Source "ChessBase"]
[SourceQuality "1"]
[TimeControl "5400+30"]

1. d4 d5 2. Nf3 Nf6 3. c4 c6 4. Nc3 a6 5. cxd5 cxd5 6. Bf4 Nc6 7. e3 Bf5 8. Ne5 Qb6 9. Nxc6 bxc6 10. Qb3 Qa7 11. Be2 e6 12. Na4 Nd7 13. O-O c5 14. dxc5 Nxc5 15. Nxc5 Bxc5 16. Qa4+ Qd7 17. Qa5 Be7 18. Rac1 O-O 19. Rc7 Bd8 20. Rxd7 Bxa5 21. g4 Bg6 22. Rc1 Bd8 23. b4 f6 24. Bc7 Bxc7 25. Rcxc7 Rf7 26. Rxf7 Bxf7 27. Rc6 a5 28. bxa5 Be8 29. Rxe6 d4 30. exd4 Bf7 31. Rb6 Bxa2 32. a6 Bd5 33. Rd6 Be4 34. f3 Bg6 35. Rd7 Be8 36. Rc7 Bf7 37. a7 Bd5 38. Kf2 Kf8 39. Bd3 Bc6 40. Be4 Bxe4 41. fxe4 Ke8 42. Rb7 1-0

[Event "FIDE World School-ch O-13 2025"]
[Site "Vrnjacka Banja"]
[Date "2025.03.24"]
[Round "5.7"]
[White "Lee, Tsuen Jin Aiesec"]
[Black "Baturin-Vinogradov, Miroslav"]
[Result "0-1"]
[Annotator "NA RC"]
[ECO "C54"]
[WhiteElo "1693"]
[BlackElo "1912"]
[PlyCount "28"]
[EventDate "2025.03.19"]
[EventType "swiss"]
[EventCountry "SRB"]
[SourceTitle "playchess.com"]
[Source "ChessBase"]
[SourceQuality "1"]
[TimeControl "5400+30"]

1. e4 e5 2. Nf3 Nc6 3. Bc4 Nf6 4. d3 Bc5 5. Bg5 h6 6. Bh4 d6 7. c3 a5 8. a3 Ba7 9. b4 axb4 10. axb4 Bxf2+ 11. Kxf2 Rxa1 12. Qb3 Qe7 13. b5 Nd8 14. b6 c6 0-1

[Event "FIDE World School-ch O-13 2025"]
[Site "Vrnjacka Banja"]
[Date "2025.03.24"]
[Round "5.8"]
[White "Haresh, Venkata Narayanaswam"]
[Black "You, Eden"]
[Result "1-0"]
[Annotator "TA"]
[ECO "B36"]
[WhiteElo "1824"]
[BlackElo "2083"]
[PlyCount "101"]
[EventDate "2025.03.19"]
[EventType "swiss"]
[EventCountry "SRB"]
[SourceTitle "playchess.com"]
[Source "ChessBase"]
[SourceQuality "1"]
[TimeControl "5400+30"]

1. e4 c5 2. Nf3 g6 3. d4 cxd4 4. Nxd4 Nc6 5. c4 Nf6 6. Nc3 Nxd4 7. Qxd4 d6 $1 8. Be3 {[%emt 0:00:05] B36: Sicilian: Maroczy Bind: Gurgenidze System.} Bg7 9. Qd2 O-O 10. Bd3 {[%emt 0:00:07] White is slightly better.} Be6 11. O-O Ng4 12. Bf4 Ne5 $146 ({Predecessor:} 12... Rc8 13. b3 Re8 14. Rac1 Qa5 15. h3 Ne5 16. Bb1 a6 17. Qe3 b5 18. cxb5 axb5 {1-0 Isha,S (2191)-Jaramillo Lopez,A (2183) Titled Tuesday intern op 24th Oct Early blitz 2023 (9)}) 13. b3 Qa5 {[%emt 0:09:01] ...Nxd3 is the strong threat.} 14. Rac1 Rfc8 (14... Nxd3 $11 {feels stronger.} 15. Qxd3 f5) 15. Be2 $14 a6 16. Bh6 {[%emt 0:12:59] [#]} (16. Bg5 $14) 16... b5 $2 17. Bxg7 $16 (17. cxb5 Bxh6 18. Qxh6 axb5 $11 (18... Rxc3 19. Qd2 $15)) 17... Kxg7 18. f4 (18. cxb5 axb5 19. Qd4 (19. Bxb5 Rc5 $14) 19... b4 $15) 18... Ng4 (18... Nc6 $16) 19. Bxg4 (19. cxb5 Qb6+ 20. Kh1 Nf2+ 21. Rxf2 Qxf2 22. bxa6 f6 $11 (22... Rxa6 23. f5 $16)) 19... Bxg4 20. f5 ({White should try} 20. h3 Bd7 21. Qd4+ f6 22. Nd5) 20... bxc4 21. h3 {[%emt 0:22:31] The board is on fire.} cxb3 22. axb3 Rc7 $2 {[%emt 0:04:28][%mdl 8192] This costs Black the game.} 23. Qd4+ f6 24. hxg4 Rac8 25. Ne2 Rxc1 26. Nxc1 (26. Rxc1 $2 {is the wrong capture.} Rxc1+ 27. Nxc1 Qe1+ 28. Kh2 Qxc1 $17) 26... Qa3 $2 (26... Rc2 27. g5 Qc5 28. gxf6+ exf6 29. Qxc5 dxc5) 27. Qe3 Rc2 28. Ne2 Qb2 29. Nf4 g5 $2 (29... Kg8 {keeps fighting.}) 30. Ne6+ $18 Kg8 31. Qh3 a5 32. Kh1 (32. Qh6 $142 Rxg2+ 33. Kh1 Rh2+ 34. Qxh2 Qxh2+ 35. Kxh2) 32... Rf2 33. Rxf2 Qxf2 34. Qh6 Qh4+ 35. Qxh4 gxh4 {[%emt 0:00:05][%mdl 4096] Endgame KN-KP} 36. Kh2 Kf7 37. Kh3 Ke8 38. Kxh4 Kd7 39. g5 fxg5+ 40. Kxg5 Kc6 41. Kh6 Kb5 42. Kxh7 {[%emt 0:00:33] KN-K3P} Kb4 43. Nd4 Kc5 44. Nc2 d5 45. g4 {[%emt 0:00:27] and g5 should not be overlooked} d4 {[%emt 0:00:18] [#]} 46. Nxd4 $1 Kxd4 47. g5 Kc3 48. g6 Kxb3 49. g7 {[%emt 0:00:07] White mates.} a4 50. g8=Q+ Kb2 51. e5 {[%emt 0:00:14] Weighted Error Value: White=0.57/Black=1.10  Loses game:     	---       	Black=1      Mistake:       	White=3     	Black=5      Inaccurate:     	White=3     	Black=3      OK:         	White=5     	Black=7      Best:        	White=3     	Black=2} (51. Qg7+ $142 Kb3 52. Qf7+ (52. Qxe7 a3 53. f6 a2 54. Qe5 Kc2 55. f7 Kb3 56. f8=Q a1=Q 57. Qxa1 Kc4 58. Qa2+ Kc3 59. Qc5+ Kd3 60. Qac2#) 52... Kb2 53. Qxe7 a3 54. Qb4+ Kc2 55. Qxa3 Kd2 56. f6) 1-0